 Dungeon Crawl Stone Soup version 0.30-a0-586-g23e55c9e0a (webtiles) character file.

Game seed: 4788956755967034266

20458 Crownlay the Transmogrifier (level 12, -8/94 HPs)
             Began as a Gnoll Wanderer on Jan 3, 2023.
             Was a Priest of Cheibriados.
             Engulfed by a cloud of freezing vapour (13 damage)
             ... in an ice cave.
             The game lasted 00:43:29 (10457 turns).

Crownlay the Transmogrifier (Gnoll Wanderer)       Turns: 10457, Time: 00:43:30

Health: -8/94      AC: 15    Str: 15    XL:     12   Next: 79%
Magic:  22/24      EV: 16    Int: 26    God:    Cheibriados [***...]
Gold:   197        SH:  7    Dex: 20    Spells: 21/27 levels left

rFire   + . .      SeeInvis +    Q - +6 trident (freeze)
rCold   + . .      Faith    .    d - +0 buckler
rNeg    + . .      Spirit   .    R - +2 leather armour {rC+ rF+}
rPois   .          Reflect  .    n - +2 helmet {SInv}
rElec   .          Harm     .    q - +0 cloak
rCorr   +          Rampage  .    b - +2 pair of gloves of the Dancing Gods {Str-3 Slay+6}
Will    .....                    K - +0 pair of boots
Stlth   ++++                     H - amulet of the acrobat
HPRegen 0.35/turn                p - ring of resist corrosion
MPRegen 0.19/turn                D - ring of positive energy

@: very slow
A: fangs 1, strong nose, distributed training
a: Renounce Religion, Bend Time, Temporal Distortion


You were in an ice cave.
You worshipped Cheibriados.
Cheibriados was most pleased with you.
You visited 2 branches of the dungeon, and saw 12 of its levels.
You also visited: Ice Cave.

You collected 637 gold pieces.
You spent 440 gold pieces at shops.

Inventory:

Hand Weapons
 f - a +0 falchion of holy wrath
 y - a +5 battleaxe
 Q - a +6 trident of freezing (weapon)
Missiles
 o - 3 silver boomerangs
 v - 2 boomerangs (quivered)
 N - 4 javelins
Armour
 b - the +2 pair of gloves of the Dancing Gods (worn) {Str-3 Slay+6}
   (You acquired it on level 3 of the Dungeon)

   Str:       It affects your strength (-3).
   Slay:      It affects your accuracy & damage with ranged weapons and melee
   (+6).
 d - a +0 buckler (worn)
 n - a +2 helmet of see invisible (worn)
 q - a +0 cloak (worn)
 u - the +1 leather armour "Quddy" {rPois rC- Regen+ MP-9}
   (You found it on level 3 of the Dungeon)

   rC:        It makes you vulnerable to cold.
   rPois:     It protects you from poison.
   MP:        It affects your magic capacity (-9).
   Regen:     It increases your rate of health regeneration.
 K - a +0 pair of boots (worn)
 R - a +2 leather armour of resistance (worn)
Magical Staves
 w - a staff of poison
 J - a staff of air
Jewellery
 h - a ring of ice
 p - a ring of resist corrosion (left hand)
 D - a ring of positive energy (right hand)
 H - an amulet of the acrobat (around neck)
Wands
 z - a wand of mindburst (6)
 B - a wand of roots (1)
 F - a wand of paralysis (23)
 I - a wand of polymorph (13)
Scrolls
 c - a scroll of butterflies
 j - 4 scrolls of teleportation
 l - 2 scrolls of magic mapping
 t - 2 scrolls of poison
 A - 2 scrolls of immolation
 E - 5 scrolls of amnesia
 G - 2 scrolls of enchant armour
 M - a scroll of fear {unknown}
 O - 3 scrolls of fog
Potions
 a - 2 potions of mutation {unknown}
 e - 2 potions of magic
 g - 7 potions of curing
 i - 2 potions of invisibility
 m - 2 potions of resistance
 r - a potion of brilliance
 s - a potion of attraction
 x - 3 potions of might
 C - a potion of cancellation
 L - a potion of flight


   Skills:
 + Level 8.4 Fighting
 + Level 7.9 Short Blades
 + Level 7.9 Long Blades
 + Level 7.9 Axes
 + Level 7.9 Maces & Flails
 + Level 7.9 Polearms
 + Level 7.9 Staves
 + Level 7.9 Ranged Weapons
 + Level 8.4 Throwing
 + Level 7.9 Armour
 + Level 7.9 Dodging
 + Level 7.9 Stealth
 + Level 9.2 Shields
 + Level 7.9 Unarmed Combat
 + Level 8.4 Spellcasting
 + Level 6.5 Conjurations
 + Level 6.5 Hexes
 + Level 6.5 Summonings
 + Level 7.0 Necromancy
 + Level 6.5 Translocations
 + Level 9.8 Transmutations
 + Level 6.5 Fire Magic
 + Level 6.5 Ice Magic
 + Level 6.5 Air Magic
 + Level 6.5 Earth Magic
 + Level 6.5 Poison Magic
 + Level 8.6 Invocations
 + Level 7.9 Evocations


You had 21 spell levels left.
You knew the following spells:

 Your Spells              Type           Power      Damage    Failure   Level
a - Sting                 Tmut/Pois      100%       1d8       1%          1
b - Borgnjor's Vile Clut  Necr/Erth      23%        N/A       14%         5

Your spell library contained the following spells:

 Spells                   Type           Power      Damage    Failure   Level
 Kiss of Death            Conj/Necr      100%       2d13      1%          1
 Blink                    Tloc           90%        N/A       1%          2
 Momentum Strike          Conj/Tloc      90%        3d10      1%          2
 Passwall                 Tmut/Erth      43%        N/A       1%          2
 Sublimation of Blood     Necr           47%        N/A       1%          2
 Wereblood                Tmut           58%        N/A       1%          2
 Hailstorm                Conj/Ice       45%        3d10      1%          3
 Lesser Beckoning         Tloc           90%        N/A       1%          3
 Vampiric Draining        Necr           47%        2d9       1%          3
 Ice Form                 Ice/Tmut       52%        N/A       2%          4
 Petrify                  Tmut/Erth      52%        N/A       2%          4
 Blade Hands              Tmut           29%        N/A       3%          5
 Animate Dead             Necr           47%        N/A       4%          4
 Animate Armour           Summ/Erth      90%        N/A       5%          4
 Irradiate                Conj/Tmut      26%        3d20      8%          5
 Death Channel            Necr           23%        N/A       56%         6
 Simulacrum               Ice/Necr       23%        N/A       58%         6
 Iron Shot                Conj/Erth      22%        9d5       63%         6
 Summon Hydra             Summ           22%        N/A       99%         7


Dungeon Overview and Level Annotations

Branches:
Dungeon (11/15)            Temple (1/1) D:4            Lair (0/5) D:10
    Orc (0/2) D:9           IceCv (1/1)

Altars:
Ashenzari
Cheibriados
Dithmenos
Gozag
Makhleb
Nemelex Xobeh
Ru
Sif Muna
Vehumet
Yredelemnul

Shops:
D:3 ?   D:5 ?   D:7 ?   D:10 *

Annotations:
D:6 1 exclusion


Innate Abilities, Weirdness & Mutations

You have very sharp teeth.
Your uncanny sense of smell can sniff out nearby items.
Your experience applies equally to all skills.


Message History

Evoke which item? (* to show all) (? for menu, Esc to quit)
Huh?
Evoke which item? (* to show all) (? for menu, Esc to quit)
Okay, then.
Aiming: Fastroot
Press: ? - help, Shift-Dir - straight line, f/p - frost giant
Aim: a frost giant, wielding a +2 battleaxe of freezing (almost dead, covered in acid)
The roots erupt in riotous growth!
Roots grab the frost giant.
Roots grab the yak.
The grasping roots constrict the yak.
The grasping roots constrict the frost giant!
You kill the frost giant!
Cheibriados thoroughly appreciates the change of pace.
The yak escapes!
Your Necromancy skill increases to level 7!
Throw: 2 boomerangs
Press: ? - help, Q - select action, (/) - cycle Shift-Dir - straight line, f - yak
Aim: a yak (lightly wounded, 81% to hit)
You throw a boomerang. The boomerang hits the yak.
The yak is moderately wounded.
You are too injured to fight recklessly!
Reach: Q) +6 trident (freeze)
Press: ? - help, Dir - move target, f/p - yak
Aim: a yak (moderately wounded, about 18% to evade your +6 trident of freezing)
You reach to attack!
You puncture the yak! You freeze the yak.
The yak is heavily wounded.
Reach: Q) +6 trident (freeze)
Press: ? - help, Dir - move target, f/p - yak
Aim: a yak (heavily wounded, about 18% to evade your +6 trident of freezing)
You hit the yak. You freeze the yak. You bite the yak.
The yak is severely wounded.
You are engulfed in freezing vapours.
You resist.
* * * LOW HITPOINT WARNING * * *
The yak is engulfed in freezing vapours.
The yak barely misses you.
You puncture the yak! You freeze the yak.
You kill the yak!
Cheibriados appreciates the change of pace.
You are engulfed in freezing vapours.
You resist.
You die...

..##...### ∆
#...##...#### ∆ ∆
#######.....##
##..⌠..#.#
##.....# ##...##.#
####...###§..
####....####§§§###
..#...### #§§@##
....### #####§§#
#####
######.###§§# #
##[.!#.#.##§## ##
#.....###..##
.######...##†.###
....#####..##†..#
.....####..###.hh#
##....#§..## Y.h.#


There were no monsters in sight!

Vanquished Creatures
  A frost giant (IceCv)
  Snorg (D:11)
  2 two-headed ogres (D:9)
  3 death yaks (IceCv)
  Nergalle (D:10)
  An ugly thing (IceCv)
  A cyclops (D:11)
  A manticore (D:11)
  An ice statue (IceCv)
  An unseen horror (D:8)
  2 rime drakes (D:11)
  A kobold demonologist (D:9)
  2 trolls
  11 polar bears (IceCv)
  Grinder (D:5)
  A hornet (D:11)
  2 shadows
  22 yaks
  A wyvern (D:7)
  2 acid dragons
  2 water moccasins
  5 orc warriors
  Duvessa (D:5)
  An ice beast (D:5)
  A black bear (D:6)
  21 wolves (IceCv)
  3 centaurs
  A phantom (D:6)
  2 kobold brigands
  Blork the orc (D:6)
  3 necrophages
  6 bullfrogs
  A gnoll sergeant (D:7)
  18 wights
  4 killer bees
  Dowan (D:5)
  The ghost of Crownlay the Firebug, a weakling GnWn (D:4)
  10 howler monkeys
  An electric eel (D:6)
  9 hounds
  3 orc priests
  3 jellies
  Jessica (D:2)
  2 gnoll boudas
  Terence (D:2)
  4 iguanas
  5 orc wizards
  8 gnolls
  8 adders
  2 shadow imps
  2 white imps
  An ufetubus (D:7)
  2 worms
  3 dart slugs
  26 orcs
  13 ball pythons
  9 endoplasms
  2 giant cockroaches
  9 goblins
  4 hobgoblins
  3 jackals (D:5)
  12 kobolds
  8 quokkas
  8 bats
  4 frilled lizards
  5 rats
298 creatures vanquished.

Vanquished Creatures (others)
  A yak (IceCv)
1 creature vanquished.

Grand Total: 299 creatures vanquished

Notes
Turn   | Place    | Note
-------+----------+-------------------------------------------
     0 | D:1      | Crownlay the Gnoll Wanderer began the quest for the Orb.
     0 | D:1      | Crownlay set off with the following items: a +0 dagger, a
                  | potion of lignification, a +0 robe, a +0 buckler; and the
                  | following spells available to memorise: Sting, Passwall,
                  | Kiss of Death, Vampiric Draining, Ice Form.
     0 | D:1      | Reached XP level 1. HP: 17/17 MP: 4/4
   363 | D:1      | Learned a level 1 spell: Sting
   394 | D:1      | Reached XP level 2. HP: 23/23 MP: 1/5
   683 | D:1      | Reached XP level 3. HP: 19/28 MP: 4/7
   818 | D:1      | Reached skill level 1 in Invocations
  1195 | D:1      | Reached skill level 1 in Short Blades
  1195 | D:1      | Reached skill level 1 in Long Blades
  1195 | D:1      | Reached skill level 1 in Axes
  1195 | D:1      | Reached skill level 1 in Maces & Flails
  1195 | D:1      | Reached skill level 1 in Polearms
  1195 | D:1      | Reached skill level 1 in Staves
  1195 | D:1      | Reached skill level 1 in Ranged Weapons
  1195 | D:1      | Reached skill level 1 in Armour
  1195 | D:1      | Reached skill level 1 in Dodging
  1195 | D:1      | Reached skill level 1 in Stealth
  1195 | D:1      | Reached skill level 1 in Unarmed Combat
  1195 | D:1      | Reached skill level 1 in Evocations
  1576 | D:2      | Reached XP level 4. HP: 34/34 MP: 4/8
  1839 | D:2      | Noticed Terence
  1858 | D:2      | Killed Terence
  1859 | D:2      | Reached skill level 1 in Conjurations
  1859 | D:2      | Reached skill level 1 in Hexes
  1859 | D:2      | Reached skill level 1 in Summonings
  1859 | D:2      | Reached skill level 1 in Translocations
  1859 | D:2      | Reached skill level 1 in Fire Magic
  1859 | D:2      | Reached skill level 1 in Ice Magic
  1859 | D:2      | Reached skill level 1 in Air Magic
  1859 | D:2      | Reached skill level 1 in Earth Magic
  1859 | D:2      | Reached skill level 1 in Poison Magic
  2220 | D:2      | Noticed Jessica
  2227 | D:2      | Killed Jessica
  2228 | D:2      | Reached XP level 5. HP: 40/40 MP: 6/9
  2867 | D:3      | Found Qusueri's Magic Scroll Shoppe.
  2897 | D:3      | Bought a scroll of identify for 24 gold pieces
  2897 | D:3      | Bought a scroll of teleportation for 36 gold pieces
  2897 | D:3      | Bought 3 scrolls of identify for 72 gold pieces
  3049 | D:3      | Identified the +1 leather armour "Quddy" {rPois rC- Regen+
                  | MP-9}
  3433 | D:4      | Reached XP level 6. HP: 47/47 MP: 0/11
  3437 | D:4      | Reached skill level 5 in Shields
  3567 | D:4      | Found a staircase to the Ecumenical Temple.
  3576 | Temple   | Entered the Ecumenical Temple
  3584 | Temple   | Became a worshipper of Cheibriados the Contemplative
  3619 | D:4      | Found a runed translucent door.
  3619 | D:4      | Noticed Crownlay's ghost (weakling GnWn)
  4087 | D:3      | Bought a scroll of magic mapping for 90 gold pieces
  4087 | D:3      | Bought a scroll of poison for 48 gold pieces
  4091 | D:3      | Identified a scroll of acquirement
  4099 | D:3      | Acquired the +2 pair of gloves of the Dancing Gods {Str-3
                  | Slay+6}
  4450 | D:4      | Reached XP level 7. HP: 41/52 MP: 1/12
  4452 | D:4      | Killed Crownlay's ghost
  4479 | D:5      | Entered Level 5 of the Dungeon
  4558 | D:5      | Noticed Grinder
  4561 | D:5      | Noticed Duvessa
  4567 | D:5      | Noticed Dowan
  4576 | D:5      | Killed Grinder
  4585 | D:5      | Killed Dowan
  4586 | D:5      | Killed Duvessa
  4587 | D:5      | Reached XP level 8. HP: 48/60 MP: 1/14
  4673 | D:5      | Reached * piety under Cheibriados
  5284 | D:5      | Found The Oracle's Delphic Readings.
  5321 | D:5      | Bought a scroll of vulnerability for 52 gold pieces
  5384 | D:5      | Found a radiant altar of Vehumet.
  5823 | D:6      | Noticed Blork the orc
  5831 | D:6      | Killed Blork the orc
  5930 | D:6      | Noticed a komodo dragon
  6161 | D:6      | Reached XP level 9. HP: 55/66 MP: 7/16
  6192 | D:6      | Reached skill level 5 in Spellcasting
  6335 | D:7      | Reached ** piety under Cheibriados
  6336 | D:7      | Reached skill level 5 in Fighting
  6336 | D:7      | Reached skill level 5 in Throwing
  6687 | D:7      | Reached skill level 5 in Invocations
  6908 | D:7      | Found Toam's Magic Scroll Shop.
  6913 | D:7      | Bought a scroll of enchant armour for 90 gold pieces
  7190 | D:8      | Noticed an unseen horror
  7197 | D:8      | Killed an unseen horror
  7278 | D:8      | Reached *** piety under Cheibriados
  7288 | D:8      | Reached skill level 5 in Short Blades
  7288 | D:8      | Reached skill level 5 in Long Blades
  7288 | D:8      | Reached skill level 5 in Axes
  7288 | D:8      | Reached skill level 5 in Maces & Flails
  7288 | D:8      | Reached skill level 5 in Polearms
  7288 | D:8      | Reached skill level 5 in Staves
  7288 | D:8      | Reached skill level 5 in Ranged Weapons
  7288 | D:8      | Reached skill level 5 in Armour
  7288 | D:8      | Reached skill level 5 in Dodging
  7288 | D:8      | Reached skill level 5 in Stealth
  7288 | D:8      | Reached skill level 5 in Unarmed Combat
  7288 | D:8      | Reached skill level 5 in Evocations
  7288 | D:8      | Reached XP level 10. HP: 76/76 MP: 9/18
  7858 | D:9      | Noticed a two-headed ogre
  7869 | D:9      | Killed a two-headed ogre
  7870 | D:9      | Reached skill level 5 in Necromancy
  7977 | D:9      | Found a staircase to the Orcish Mines.
  8038 | D:9      | Noticed a kobold demonologist
  8048 | D:9      | Killed a kobold demonologist
  8070 | D:9      | Noticed a two-headed ogre
  8083 | D:9      | Killed a two-headed ogre
  8196 | D:9      | Reached **** piety under Cheibriados
  8255 | D:9      | Reached skill level 5 in Conjurations
  8255 | D:9      | Reached skill level 5 in Hexes
  8255 | D:9      | Reached skill level 5 in Summonings
  8255 | D:9      | Reached skill level 5 in Translocations
  8255 | D:9      | Reached skill level 5 in Fire Magic
  8255 | D:9      | Reached skill level 5 in Ice Magic
  8255 | D:9      | Reached skill level 5 in Air Magic
  8255 | D:9      | Reached skill level 5 in Earth Magic
  8255 | D:9      | Reached skill level 5 in Poison Magic
  8255 | D:9      | Reached XP level 11. HP: 83/83 MP: 12/21
  8608 | D:9      | Found a broken altar of Ashenzari.
  8665 | D:10     | Entered Level 10 of the Dungeon
  8844 | D:10     | Noticed Nergalle
  8853 | D:10     | Killed Nergalle
  8924 | D:10     | Found a staircase to the Lair.
  8929 | D:10     | Found Pidghiado's General Store.
  8935 | D:10     | Bought a scroll of identify for 28 gold pieces
  9130 | D:10     | Found an opulent altar of Gozag.
  9440 | D:11     | Noticed a manticore
  9451 | D:11     | Killed a manticore
  9457 | D:11     | Noticed a cyclops
  9469 | D:11     | Killed a cyclops
  9480 | D:11     | Noticed Snorg
  9492 | D:11     | Killed Snorg
  9530 | D:11     | Found a frozen archway.
  9545 | IceCv    | Entered an ice cave
  9627 | IceCv    | Reached XP level 12. HP: 80/91 MP: 14/23
  9796 | IceCv    | Reached ***** piety under Cheibriados
  9837 | IceCv    | Learned a level 5 spell: Borgnjor's Vile Clutch
 10170 | IceCv    | Noticed a death yak
 10179 | IceCv    | Killed a death yak
 10425 | IceCv    | Noticed a death yak
 10425 | IceCv    | Noticed a frost giant
 10425 | IceCv    | Noticed a death yak
 10440 | IceCv    | Killed a death yak
 10446 | IceCv    | Killed a death yak
 10453 | IceCv    | Killed a frost giant
 10456 | IceCv    | HP: 4/94 [something (10)]
 10457 | IceCv    | Engulfed by a cloud of freezing vapour

Illustrated notes

Levels and vault maps discovered:
D:1:      heliophobic_arrival_dark_side_of_the_moon, layout_basic,
          chequers_serial_rivers_room_a, roderic_cross_of_infinity,
          minmay_ruptured
D:2:      layout_rooms, uniq_jessica, uniq_terence
D:3:      layout_loops_ring, serial_shops, shop
D:4:      minmay_clustersquares, layout_loops_ring,
          minmay_temple_entry_antechambers, ebering_ghost_inner_flame
D:5:      layout_gridville, mainiacjoe_overflow_chevrons,
          nicolae_nh_oracle_at_delphi, uniq_grinder, uniq_duvessa
D:6:      cheibrodos_two_vegetables, layout_cave_pools,
          kennysheep_generic_room_16, uniq_blork_the_orc
D:7:      layout_basic, serial_shops, nicolae_shop_hallway_plus
D:8:      layout_loops_corners
D:9:      layout_loops_ring, lemuel_coloured_pillars_altar, david_orc_2,
          hangedman_decor_lopped, wad_rectangle_vault
D:10:     layout_gridville, lemuel_doored_altar, dpeg_oklobed_lair,
          serial_shops, shop_fountains, serial_park_tiny_pond, uniq_nergalle
D:11:     layout_cave_pools, portal_ice_cave_rime, uniq_josephine, uniq_snorg
Temple:   nicolae_temple_bog_church
IceCv:    ice_cave_caverns_01

Skill      XL: |  1  2  3  4  5  6  7  8  9 10 11 12 |
---------------+-------------------------------------+-----
Necromancy     | 2 3 4 5 6 7 |  7.0
Invocations    | 1 2 3 4 5 6 7 8 |  8.6
Short Blades   | 1 2 3 5 6 7 |  7.9
Long Blades    | 1 2 3 5 6 7 |  7.9
Axes           | 1 2 3 5 6 7 |  7.9
Maces & Flails | 1 2 3 5 6 7 |  7.9
Polearms       | 1 2 3 5 6 7 |  7.9
Staves         | 1 2 3 5 6 7 |  7.9
Ranged Weapons | 1 2 3 5 6 7 |  7.9
Armour         | 1 2 3 5 6 7 |  7.9
Dodging        | 1 2 3 5 6 7 |  7.9
Stealth        | 1 2 3 5 6 7 |  7.9
Unarmed Combat | 1 2 3 5 6 7 |  7.9
Evocations     | 1 2 3 5 6 7 |  7.9
Spellcasting   | 3 4 5 6 7 8 |  8.4
Conjurations   | 1 2 3 4 5 6 |  6.5
Hexes          | 1 2 3 4 5 6 |  6.5
Summonings     | 1 2 3 4 5 6 |  6.5
Translocations | 1 2 3 4 5 6 |  6.5
Fire Magic     | 1 2 3 4 5 6 |  6.5
Ice Magic      | 1 2 3 4 5 6 |  6.5
Air Magic      | 1 2 3 4 5 6 |  6.5
Earth Magic    | 1 2 3 4 5 6 |  6.5
Poison Magic   | 1 2 3 4 5 6 |  6.5
Fighting       | 3 4 5 6 7 8 |  8.4
Throwing       | 3 4 5 6 7 8 |  8.4
Shields        | 5 6 7 8 9 |  9.2
Transmutations | 8 9 |  9.8

Action                   |  1- 3 |  4- 6 |  7- 9 | 10-12 || total
-------------------------+-------+-------+-------+-------++-------
Melee: Dagger            |    66 |    28 |     9 |       ||   103
       Bite              |     6 |     6 |    17 |    66 ||    95
       Whip              |     9 |       |       |       ||     9
       Short sword       |       |    92 |   114 |   187 ||   393
       Falchion          |       |       |     2 |    11 ||    13
       Trident           |       |       |       |   244 ||   244
Throw: Boomerang         |       |       |    64 |    42 ||   106
       Javelin           |       |       |    19 |     8 ||    27
 Cast: Sting             |    44 |    76 |    50 |       ||   170
Invok: Slouch            |       |       |       |     6 ||     6
Evoke: Wand              |       |       |     3 |    19 ||    22
  Use: Potion            |     1 |       |       |     1 ||     2
       Scroll            |       |    11 |     7 |     9 ||    27
 Stab: Sleeping          |       |       |       |     8 ||     8
Armor: Robe              |    18 |    15 |       |       ||    33
       Skin              |     5 |       |       |       ||     5
       Leather armour    |       |    20 |    46 |   118 ||   184
Dodge: Dodged            |    45 |    39 |    64 |   305 ||   453
Block: Buckler           |    26 |    22 |    38 |   174 ||   260

Table legend: (Time is in decaauts)
 A = Elapsed time spent in this place.
 B = Non-inter-level travel time spent in this place.
 C = Inter-level travel time spent in this place.
 D = Time resting spent in this place.
 E = Time spent auto-exploring this place.
 F = Levels seen in this place.
 G = Mean time per level.
                   A        B        C        D        E       F      G
               +--------+--------+--------+--------+--------+-----+--------+
         Total |  12935 |  12376 |    559 |    170 |   9672 |  13 |  995.0 |
       Dungeon |  11755 |  11206 |    549 |     62 |   9035 |  11 | 1068.6 |
        Temple |     18 |      9 |      9 |      0 |      0 |   1 |   18.0 |
      Ice Cave |   1162 |   1162 |      0 |    108 |    637 |   1 | 1162.0 |
               +--------+--------+--------+--------+--------+-----+--------+

Top non-repeatable levels by time:
     D:1: 1494 daAuts
     D:9: 1334 daAuts
     D:5: 1295 daAuts
     D:4: 1243 daAuts
     D:8: 1216 daAuts
    D:10: 1174 daAuts
   IceCv: 1162 daAuts
     D:3: 1105 daAuts
     D:6: 1004 daAuts
     D:7: 874 daAuts
     D:2: 818 daAuts
    D:11: 192 daAuts
  Temple: 18 daAuts
